 Dungeon Crawl Stone Soup version 0.17-a0-1914-gde4187c (webtiles) character file.

177 tp1 the Covered (level 5, -1/48 HPs)
             Began as a Gargoyle Berserker on Sept 26, 2015.
             Was a Believer of Trog.
             Slain by Sigmund
             ... wielding a +4 scythe of slicing
              (5 damage)
             ... on level 3 of the Dungeon.
             The game lasted 00:11:22 (2309 turns).

tp1 the Covered (Gargoyle Berserker)                Turns: 2309, Time: 00:11:22

Health: -1/48      AC: 18    Str: 26    XL:     5   Next: 57%
Magic:  5/5        EV:  7    Int:  8    God:    Trog [**....]
Gold:   86         SH:  0    Dex:  9    Spells: 0 memorised, 4 levels left

rFire  . . .     SeeInvis .     a - +0 hand axe
rCold  . . .     Clarity  .     j - +0 plate armour
rNeg   + . .     SustAt   .     (no shield)
rPois  ∞         Gourm    .     (no helmet)
rElec  +         Spirit   .     (no cloak)
rCorr  .         Warding  .     h - +0 pair of gloves
rMut   .         Stasis   .     (no boots)
MR     .....                    (no amulet)
Stlth  ..........               (no ring)
                                (no ring)

@: berserking, very quick, not resistant to hostile enchantments, extremely
unstealthy
A: negative energy resistance 1, electricity resistance, unbreathing,
petrification resistance, rot immunity, AC +4
a: Burn Spellbooks, Berserk, Trog's Hand, Renounce Religion


You were on level 3 of the Dungeon.
You worshipped Trog.
Trog was pleased with you.
You were not hungry.

You visited 1 branch of the dungeon, and saw 3 of its levels.

You collected 86 gold pieces.

Inventory:

Hand weapons
 a - a +0 hand axe (weapon)
Armour
 b - a +0 animal skin
 d - a +0 ring mail
 f - a +0 ring mail
 h - a +0 pair of gloves (worn)
 j - a +0 plate armour (worn)
Jewellery
 l - a cursed ring of loudness {unknown}
 q - an uncursed amulet of warding {unknown}
Magical devices
 e - a wand of polymorph (3)
Scrolls
 r - a scroll of recharging {unknown}
Potions
 g - a potion of flight {unknown}
 m - a potion of agility {unknown}
 o - 2 potions of heal wounds
 p - a potion of magic {unknown}
Comestibles
 c - a bread ration
 i - 2 beef jerkies
 k - 2 meat rations


   Skills:
 - Level 3.3 Fighting
 - Level 2.6 Axes
 + Level 6.1 Armour
 - Level 1.5 Dodging


You had 4 spell levels left.
You didn't know any spells.

Dungeon Overview and Level Annotations

Branches:
Dungeon (3/15)

Altars:
Ashenzari
Dithmenos
Qazlal
Xom

Annotations:
D:3 Sigmund


Innate Abilities, Weirdness & Mutations

You are resistant to torment.
Your stone body is resilient (AC +4).
You are immune to poison.
You resist negative energy.
You are resistant to electric shocks.
You can survive without breathing.
You are immune to petrification.
You are immune to rotting.


Message History

Trog accepts your kill. The adder bites you but does no damage.
Sigmund barely misses you.
You miss the adder.
The adder is severely wounded.
The adder bites you but does no damage.
You miss the adder.
The adder is severely wounded.
The adder barely misses you.
Sigmund hits you from afar with a scythe of slicing.
* * * LOW HITPOINT WARNING * * *
x2 You slash the adder!
You kill the adder!
Trog accepts your kill.
Your skin stops crawling.
You feel less resistant to hostile enchantments.
Sigmund hits you but does no damage.
You slash Sigmund!
Sigmund is severely wounded.
Sigmund hits you with a scythe of slicing.
You die...

## .# ###.######
#.#####.........
...........#
.....#@#..#
.###.#@#..#
#.#.#..# .. #
#.###.#.#..# .?.
.#
#..........#....
#.#####
#####....#......
)......
#..........#
#######
#####....##.....
#
#....!..........


You could see Sigmund.

Vanquished Creatures
  Ijyb (D:3)
  Jessica (D:3)
  A gnoll (D:1)
  5 adders (D:3)
  An ooze (D:1)
  2 worms
  3 giant geckos
  An orc (D:3)
  5 bats
  4 goblins
  14 hobgoblins
  5 kobolds
  A quokka (D:2)
  A ball python (D:1)
  2 giant cockroaches
  2 giant newts
  10 rats
59 creatures vanquished.

Notes
Turn   | Place    | Note
--------------------------------------------------------------
     0 | D:1      | tp1 the Gargoyle Berserker began the quest for the Orb.
     0 | D:1      | Reached XP level 1. HP: 14/14 MP: 1/1
   118 | D:1      | Reached XP level 2. HP: 4/19 MP: 2/2
   387 | D:1      | Reached XP level 3. HP: 21/23 MP: 3/3
   482 | D:1      | Acquired Trog's second power
   511 | D:1      | Reached skill level 4 in Armour
   942 | D:2      | Found a stormy altar of Qazlal.
   951 | D:2      | Found a shadowy altar of Dithmenos.
   952 | D:2      | Found a shimmering altar of Xom.
  1009 | D:2      | Found a shattered altar of Ashenzari.
  1752 | D:2      | Reached XP level 4. HP: 28/28 MP: 4/4
  1886 | D:3      | Noticed Ijyb
  1914 | D:3      | Killed Ijyb
  1914 | D:3      | Reached skill level 5 in Armour
  1986 | D:3      | Noticed Jessica
  2002 | D:3      | Killed Jessica
  2002 | D:3      | Reached XP level 5. HP: 32/32 MP: 5/5
  2263 | D:3      | Noticed Sigmund
  2302 | D:3      | Reached skill level 6 in Armour
  2302 | D:3      | HP: 2/48 [Sigmund/scythe of slicing (4)]
  2309 | D:3      | Slain by Sigmund

Vault maps used:
D:1:      tarquinn_simple_flora_water_a, serial_park_tiny_pond,
          minmay_misc_feat_tiny
D:2:      evilmike_ruin_ashenzari, gammafunk_temple_overflow_claw, first_bread
D:3:      minmay_box_of_dots, uniq_iyjb, uniq_sigmund, uniq_jessica

Action                   |  1- 3 |  4- 6 || total
-------------------------+-------+-------++-------
Melee: Hand axe          |   118 |    97 ||   215
Invok: Berserk           |     1 |     3 ||     4
       Trog's Hand       |       |     2 ||     2
  Use: Scroll            |     5 |     1 ||     6
       Potion            |     1 |       ||     1
  Eat: Chunk             |     4 |     3 ||     7
       Bread ration      |       |     1 ||     1
